 Dungeon Crawl Stone Soup version 0.31-a0-1499-ge0622b2318 (webtiles) character file.

Game seed: 12285648239767410479

13368 jasper the Cleaver (level 12, -11/75 HPs)
             Began as a Gargoyle Fighter on Dec 29, 2023.
             Was a Priest of Wu Jian.
             Mangled by a white ugly thing (13 damage)
             ... on level 12 of the Dungeon.
             The game lasted 00:14:38 (10276 turns).

jasper the Cleaver (Gargoyle Fighter)              Turns: 10276, Time: 00:14:39

Health: -11/75     AC: 29    Str: 25    XL:     12   Next: 5%
Magic:  21/21      EV:  7    Int:  9    God:    Wu Jian [***...]
Gold:   549        SH:  5    Dex:  9    Spells: 11/11 levels left

rFire   . . .        a - +0 war axe
rCold   . . .        c - +1 buckler
rNeg    + . .        s - +0 plate armour
rPois   ∞            I - +0 helmet
rElec   +            (no cloak)
rCorr   .            (no gloves)
SInv    +            E - +0 pair of boots
Will    .....        z - amulet of the acrobat Stlth
                     D - +4 ring of protection
HPRegen 0.32/turn    m - ring "Baateu" {+Blink MP+9 Slay+4 SInv Stlth-}
MPRegen 0.17/turn

%: acrobat
@: no status effects
A: sickness immunity, AC +8, negative energy resistance 1, electricity
resistance, torment resistance 1, petrification resistance
a: Renounce Religion, Evoke Blink, Wall Jump, Serpent's Lash


You were on level 12 of the Dungeon.
You worshipped Wu Jian.
Wu Jian was most pleased with you.
You visited 2 branches of the dungeon, and saw 13 of its levels.

You collected 631 gold pieces.
You spent 82 gold pieces at shops.

Inventory:

Hand Weapons
 a - a +0 war axe (weapon)
 o - a +2 hand axe of venom
 C - a +0 flail
Missiles
 j - 80 stones (quivered)
 n - 16 poisoned darts
 u - 6 boomerangs
Armour
 b - a +0 scale mail
 c - a +1 buckler (worn)
 s - a +0 plate armour (worn)
 E - a +0 pair of boots (worn)
 I - a +0 helmet (worn)
Jewellery
 l - a ring of willpower
 m - the ring "Baateu" (right hand) {+Blink MP+9 Slay+4 SInv Stlth-}
   (You acquired it on level 2 of the Dungeon)

   [ring of slaying]

   Slay+4:    It affects your accuracy & damage with ranged weapons and melee
   (+4).
   MP+9:      It affects your magic capacity (+9).
   SInv:      It lets you see invisible.
   +Blink:    It lets you blink.
   Stlth-:    It makes you less stealthy.
 z - an amulet of the acrobat (around neck)
 D - a +4 ring of protection (left hand)
Talismans
 y - a blade talisman
Wands
 x - a wand of paralysis (4)
 B - a wand of flame (23)
Scrolls
 g - a scroll of fear
 p - a scroll of revelation
 r - a scroll of teleportation
 w - 3 scrolls of enchant armour
 H - a scroll of vulnerability
Potions
 d - 3 potions of might
 e - 2 potions of brilliance
 f - 2 potions of enlightenment
 h - 2 potions of haste
 i - 4 potions of mutation
 k - 2 potions of degeneration
 q - a potion of ambrosia
 t - a potion of curing
 v - 3 potions of lignification {unknown}
 A - a potion of invisibility {unknown}
 F - 2 potions of attraction {unknown}


   Skills:
 + Level 8.9 Fighting
 * Level 14.3 Axes
 + Level 9.0 Armour
 - Level 4.4 Shields


You had 11 spell levels left.
You didn't know any spells.
Your spell library contained the following spells:

 Spells                   Type           Power      Damage    Failure   Level
 Magic Dart               Conj           0%         1d3       99%         1
 Blink                    Tloc           0%         N/A       100%        2
 Call Imp                 Summ           0%         N/A       100%        2
 Stone Arrow              Conj/Erth      0%         3d7       100%        3
 Tukima's Dance           Hex            0%         N/A       100%        3
 Animate Armour           Summ/Erth      0%         N/A       100%        4
 Ignite Poison            Fire/Alch      0%         N/A       100%        4
 Passage of Golubria      Tloc           0%         N/A       100%        4
 Freezing Cloud           Conj/Ice/Air   0%         6-21      100%        5
 Summon Forest            Summ/Tloc      0%         N/A       100%        5
 Summon Mana Viper        Hex/Summ       0%         N/A       100%        5
 Yara's Violent Unravell  Hex/Alch       0%         3d3       100%        5
 Summon Cactus Giant      Summ           0%         N/A       100%        6
 Lehudib's Crystal Spear  Conj/Erth      0%         10d2      100%        8
 Cigotuvi's Dreadful Rot  Necr/Alch/Air  Unusable   N/A       N/A         2

Dungeon Overview and Level Annotations

Branches:
Dungeon (12/15)            Temple (1/1) D:5            Lair (0/5) D:11
    Orc (0/2) D:12

Altars:
Ashenzari
Cheibriados
Dithmenos
Elyvilon
Fedhas
Gozag
Hepliaklqana
Kikubaaqudgha
Makhleb
Nemelex Xobeh
Okawaru
Qazlal
Ru
Sif Muna
Trog
Uskayaw
Vehumet
Wu Jian
Xom
Yredelemnul
Zin
The Shining One

Shops:
D:6 ?

Annotations:
D:4 Grinder
D:7 2 transporters, gummybears's ghost, novice HOMo


Innate Abilities, Weirdness & Mutations

You are immune to sickness and miasma.
Your stone body is resilient. (AC +8)
You are immune to poison.
You resist negative energy. (rN+)
You are resistant to electric shocks. (rElec)
You are resistant to unholy torment.
You are immune to petrification.


Message History

You block the white ugly thing's attack.
You hit the white ugly thing but do no damage.
The white ugly thing is moderately wounded.
The white ugly thing engulfs you. The white ugly thing freezes you!!
You take 27 damage, and have 48/75 hp.
MASSIVE DAMAGE!!
The white ugly thing attacks as it pursues you!
The white ugly thing misses you. The cyclops hits you.
You take 4 damage, and have 45/75 hp.
You slice the cyclops!!
The cyclops is heavily wounded.
You barely miss the white ugly thing. The white ugly thing barely misses you.
The cyclops hits you!
You take 14 damage, and have 31/75 hp.
You spin and attack the cyclops.
You slash the cyclops!
The cyclops is severely wounded.
You spin and attack the white ugly thing.
You closely miss the white ugly thing.
The white ugly thing is moderately wounded.
You spin and attack the cyclops repeatedly.
You hit the cyclops.
The cyclops is almost dead.
You slice the cyclops!!
You kill the cyclops!
The Council accepts your kill.
You block the white ugly thing's attack.
Your Armour skill increases to level 9!
You closely miss the white ugly thing.
The white ugly thing is moderately wounded.
The white ugly thing engulfs you. The white ugly thing freezes you!!
* * * LOW HITPOINT WARNING * * *
You take 29 damage, and have 2/75 hp.
MASSIVE DAMAGE!!
You hit the white ugly thing.
The white ugly thing is moderately wounded.
You closely miss the white ugly thing.
The white ugly thing is moderately wounded.
The white ugly thing engulfs you.
* * * LOW HITPOINT WARNING * * *
The white ugly thing freezes you!
You die...

..# #.# #.# #.# #.#
.########.#
..........###
............#
#.........@(########
#.........u.........
#.<.................
#....#####..######.#
#.... #..#....#
#....# #..#....#
#....# #..'....#
#....#+###..'....#
#...........######


You could see a white ugly thing.

Vanquished Creatures
  Harold (D:10)
  Erolcha (D:11)
  2 two-headed ogres
  A cyclops (D:12)
  A gargoyle (D:10)
  2 unseen horrors
  2 trolls
  A shadow (D:10)
  2 wyverns (D:8)
  17 yaks
  A steam dragon (D:7)
  A vampire mosquito (D:11)
  5 water moccasins
  2 acid dragons (D:11)
  5 orc warriors
  7 black bears
  7 ice beasts
  A sky beast (D:8)
  2 ogres
  3 centaurs
  3 phantoms
  3 kobold brigands
  11 bullfrogs
  5 scorpions
  4 wights (D:8)
  5 killer bees (D:8)
  4 howler monkeys
  5 jellies
  A bombardier beetle (D:6)
  11 orc priests
  5 sleepcaps
  A gnoll bouda (D:5)
  3 iguanas
  9 orc wizards
  A mummy (D:5)
  7 gnolls
  6 adders
  2 ribbon worms (D:2)
  A shadow imp (D:7)
  2 white imps
  5 ufetubi
  5 dart slugs
  36 orcs
  4 ball pythons
  5 endoplasms
  3 giant cockroaches (D:1)
  3 hobgoblins
  2 jackals (D:2)
  3 quokkas
  3 bats
  6 frilled lizards
  4 goblins
  16 kobolds
  3 rats
251 creatures vanquished.

Notes
Turn   | Place    | Note
-------+----------+-------------------------------------------
     0 | D:1      | jasper the Gargoyle Fighter began the quest for the Orb.
     0 | D:1      | Reached XP level 1. HP: 14/14 MP: 1/1
   276 | D:1      | Reached skill level 2 in Axes
   443 | D:1      | Reached XP level 2. HP: 17/19 MP: 2/2
   858 | D:2      | Reached skill level 3 in Axes
   860 | D:2      | Reached XP level 3. HP: 23/23 MP: 3/3
  1188 | D:2      | Found a faded altar of an unknown god.
  1337 | D:2      | Identified a scroll of acquirement
  1337 | D:2      | Acquired the ring "Baateu" {+Blink MP+9 Slay+4 SInv Stlth-}
  1525 | D:3      | Reached XP level 4. HP: 27/28 MP: 4/4
  1776 | D:3      | Reached skill level 4 in Axes
  2113 | D:4      | Reached XP level 5. HP: 26/32 MP: 5/5
  2149 | D:4      | Reached skill level 5 in Axes
  2173 | D:4      | Noticed an ogre
  2209 | D:4      | Killed an ogre
  2210 | D:4      | Reached XP level 6. HP: 37/37 MP: 6/6
  2236 | D:4      | Reached skill level 6 in Axes
  2792 | D:4      | Noticed Grinder
  2795 | D:4      | Paralysed by Grinder for 2 turns
  2798 | D:5      | Entered Level 5 of the Dungeon
  2889 | D:5      | Reached XP level 7. HP: 28/41 MP: 7/7
  2978 | D:5      | Reached skill level 7 in Axes
  3129 | D:3      | Reached skill level 8 in Axes
  3266 | D:5      | Found a staircase to the Ecumenical Temple.
  3273 | D:5      | Reached XP level 8. HP: 43/46 MP: 8/8
  3278 | Temple   | Entered the Ecumenical Temple
  3298 | Temple   | Became a worshipper of the Wu Jian Council
  3355 | D:5      | Found a shadowy altar of Dithmenos.
  3489 | D:5      | Reached skill level 9 in Axes
  3853 | D:5      | Found a snail-covered altar of Cheibriados.
  4223 | D:5      | Found an iron altar of Okawaru.
  4223 | D:5      | Found a blossoming altar of Fedhas.
  4447 | D:6      | Reached skill level 10 in Axes
  4487 | D:6      | Found Herekh's Magic Scroll Shop.
  4495 | D:6      | Bought a scroll of blinking for 82 gold pieces
  4555 | D:6      | Reached * piety under Wu Jian
  4556 | D:6      | Reached XP level 9. HP: 39/51 MP: 9/9
  5122 | D:7      | Reached skill level 11 in Axes
  5370 | D:7      | Reached skill level 5 in Armour
  5399 | D:7      | Identified the +3 scale mail of Somewhere Else {Str+2}
  5399 | D:7      | Identified the +1 buckler "Oteikumn" {Regen+ rCorr MP-9
                  | Str+5}
  5415 | D:7      | Found a transporter.
  5428 | D:7      | Noticed gummybears's ghost (novice HOMo)
  5466 | D:7      | Reached skill level 5 in Fighting
  5470 | D:7      | Found a transporter.
  5583 | D:7      | Reached ** piety under Wu Jian
  5584 | D:7      | Reached XP level 10. HP: 59/59 MP: 10/10
  6140 | D:8      | Reached skill level 12 in Axes
  7712 | D:9      | Noticed a two-headed ogre
  7721 | D:9      | Killed a two-headed ogre
  8310 | D:10     | Entered Level 10 of the Dungeon
  8312 | D:10     | Noticed Harold
  8319 | D:10     | Noticed an unseen horror
  8323 | D:10     | Noticed a gargoyle
  8328 | D:10     | Reached XP level 11. HP: 67/67 MP: 11/11
  8329 | D:10     | Reached skill level 13 in Axes
  8334 | D:10     | Reached *** piety under Wu Jian
  8334 | D:10     | Noticed a two-headed ogre
  8338 | D:10     | Killed Harold
  8574 | D:11     | HP: 3/68 [orc priest/divine providence (14)]
  8879 | D:11     | Found a staircase to the Lair.
  9068 | D:11     | Noticed Erolcha
  9100 | D:11     | Killed Erolcha
  9387 | D:11     | Reached skill level 14 in Axes
  9390 | D:11     | Reached **** piety under Wu Jian
  9548 | D:11     | Noticed a two-headed ogre
  9795 | D:11     | Killed a two-headed ogre
  9894 | D:11     | Reached XP level 12. HP: 33/75 MP: 12/12
 10240 | D:12     | Found a staircase to the Orcish Mines.
 10274 | D:12     | HP: 2/75 [white ugly thing (23)]
 10276 | D:12     | Mangled by a white ugly thing

Illustrated notes

Levels and vault maps discovered:
D:1:      shiori_arrival_oz, layout_loops_corners, minmay_tromino_mix6
D:2:      layout_rooms, dreamdust_ecumenical_altar_hidden_monk_grotto
D:3:      layout_loops_ring, serial_park_tiny_2
D:4:      layout_cave_pods, supply_closet_lemuel, uniq_grinder
D:5:      layout_basic, amcnicky_altar_gilded, slow_altar_1,
          gammafunk_temple_overflow_pools, minmay_temple_entry_wispy,
          minmay_pentangle
D:6:      layout_loops_ring, nicolae_stop_n_shop_1
D:7:      minmay_bubble_buster, layout_basic, gammafunk_ghost_gnarly_gnolls
D:8:      layout_basic
D:9:      layout_loops_corners, nicolae_sextant, chequers_serial_rivers_small_b
D:10:     layout_cave_pools, uniq_harold
D:11:     layout_loops_ring, due_lair_maze_entry_diamond, uniq_erolcha
D:12:     skrybe_chaotic_catacombs, layout_irregular_city, guppyfry_shop_blood,
          uniq_sonja
Temple:   regret_index_temple_chain_breaker

Skill      XL: |  1  2  3  4  5  6  7  8  9 10 11 12 |
---------------+-------------------------------------+-----
Axes           | 2 3 4 5 6 8 10 11 12 14 | 14.3
Shields        | 4 |  4.4
Fighting       | 5 7 8 |  8.9
Armour         | 5 7 8 9 |  9.0

Action                     |  1- 3 |  4- 6 |  7- 9 | 10-12 || total
---------------------------+-------+-------+-------+-------++-------
  Melee: War axe           |    89 |       |       |   184 ||   273
         Hand axe          |     1 |    82 |   271 |   289 ||   643
  Throw: Dart              |       |     4 |       |       ||     4
         Stone             |       |       |     2 |     2 ||     4
 Invoke: Serpent's Lash    |       |       |       |     1 ||     1
Ability: Lunge             |       |       |    18 |    30 ||    48
         Whirlwind         |       |       |     1 |   102 ||   103
  Evoke: Wand              |       |       |       |     3 ||     3
    Use: Scroll            |     6 |     6 |       |     6 ||    18
         Potion            |       |       |     1 |     3 ||     4
 Armour: Scale mail        |    68 |     9 |       |       ||    77
         Plate armour      |       |    48 |   171 |   267 ||   486
  Dodge: Dodged            |    41 |    16 |    48 |   103 ||   208
  Block: Buckler           |    24 |    16 |    36 |    84 ||   160

Table legend: (Time is in decaauts)
 A = Elapsed time spent in this place.
 B = Non-inter-level travel time spent in this place.
 C = Inter-level travel time spent in this place.
 D = Time resting spent in this place.
 E = Time spent auto-exploring this place.
 F = Levels seen in this place.
 G = Mean time per level.
                   A        B        C        D        E       F      G
               +--------+--------+--------+--------+--------+-----+--------+
         Total |  10186 |   9737 |    449 |    647 |   7107 |  13 |  783.5 |
       Dungeon |  10146 |   9735 |    411 |    647 |   7107 |  12 |  845.5 |
        Temple |     40 |      2 |     38 |      0 |      0 |   1 |   40.0 |
               +--------+--------+--------+--------+--------+-----+--------+

Top non-repeatable levels by time:
    D:11: 1833 daAuts
     D:5: 1336 daAuts
     D:9: 1329 daAuts
     D:8: 1178 daAuts
     D:3: 832 daAuts
     D:1: 831 daAuts
     D:4: 744 daAuts
     D:7: 712 daAuts
     D:6: 688 daAuts
     D:2: 571 daAuts
    D:10: 47 daAuts
  Temple: 40 daAuts
    D:12: 40 daAuts
